 Dungeon Crawl Stone Soup version 0.24.0-1-gfbc8707122 (webtiles) character file.

Game seed: 10987989800363109942, levelgen mode: deterministic

88 Johnny the Digger (level 4, 0/35 HPs)
             Began as a Demigod Earth Elementalist on Oct 28, 2019.
             Killed from afar by Natasha (5 damage)
             ... with a magic dart
             ... on level 2 of the Dungeon.
             The game lasted 00:01:28 (1779 turns).

Johnny the Digger (Demigod Earth Elementalist)      Turns: 1779, Time: 00:01:29

Health: 0/35       AC:  3    Str: 11    XL:     4   Next: 9%
Magic:  9/10       EV: 12    Int: 21    God:
Gold:   96         SH:  0    Dex: 16    Spells: 6/7 levels left

rFire    . . .     SeeInvis .   i - +0 dagger (distort)
rCold    . . .     Gourm    .   (no shield)
rNeg     . . .     Faith    .   c - +0 robe
rPois    .         Spirit   .   (no helmet)
rElec    .         Reflect  .   (no cloak)
rCorr    .         Harm     .   j - +0 pair of gloves
MR       .....                  (no boots)
Stlth    ++........             (no amulet)
HPRegen  0.11/turn              (no ring)
MPRegen  0.12/turn              (no ring)

@: slowed, very slow
A: high mp 1
a: no special abilities


You were on level 2 of the Dungeon.
You were very hungry.

You visited 1 branch of the dungeon, and saw 2 of its levels.

You collected 96 gold pieces.

Inventory:

Hand Weapons
 i - a +0 dagger of distortion (weapon)
Missiles
 b - 20 stones (quivered)
Armour
 c - a +0 robe (worn)
 j - a +0 pair of gloves (worn)
Scrolls
 a - a scroll of identify {unknown}
 e - a scroll of remove curse {unknown}
 f - 2 scrolls of noise {unknown}
 g - a scroll of teleportation {unknown}
Comestibles
 d - a ration


   Skills:
 + Level 1.5 Fighting
 - Level 1.7 Dodging
 - Level 1.7 Stealth
 + Level 2.4 Spellcasting
   Level 0.8 Transmutations
 * Level 3.8 Earth Magic


You had 6 spell levels left.
You knew the following spells:

 Your Spells              Type           Power        Failure   Level  Hunger
a - Sandblast             Erth           ###...       3%          1    None

Your spell library contained the following spells:

 Spells                   Type           Power        Failure   Level  Hunger
 Passwall                 Tmut/Erth      ##......     9%          2    ##.....
 Stone Arrow              Conj/Erth      ##....       19%         3    ###....
 Petrify                  Tmut/Erth      ##......     47%         4    ####...
 Lee's Rapid Deconstruct  Erth           ###.......   63%         5    ######.


Dungeon Overview and Level Annotations

Branches:
Dungeon (2/15)

Annotations:
D:2 Natasha


Innate Abilities, Weirdness & Mutations

You have an increased reservoir of magic. (+10% MP)


Message History

You are too injured to fight recklessly!
Unknown command.
The white imp gestures at you. The puff of frost hits you.
* * * LOW HITPOINT WARNING * * *
Casting: Sandblast (safe; 3% risk of failure)
Confirm with . or Enter, or press ? or * to list all spells.
Aiming: Sandblast (safe; 3% risk of failure)
Press: ? - help, Shift-Dir - straight line, f - Natasha
Aim: Natasha, carrying a wand of digging (2) (lightly wounded)
The blast of sand hits Natasha.
Natasha is moderately wounded.
b - 20 stones The white imp hits you.
* * * LOW HITPOINT WARNING * * *
The white imp freezes you.
* * * LOW HITPOINT WARNING * * *
Natasha casts a spell at you. The magic dart hits you.
You die...

#.##.# #≈≈≈≈###.#.##
########.##.####≈≈≈≈# #.#.##
........>##<....≈≈≈≈###.#.##
########.##.....≈≈≈≈≈##.#.##
#.##.....≈≈≈≈≈##.#.##
#.##.....#≈≈≈≈##.#.##
######..#†#####≈≈≈≈≈#.#...
.......).#h.## #≈≈≈≈≈#.####
########..@#.####≈≈≈≈#.....
#..5....88≈≈≈≈≈88..#
#...#...............
#.#.#...............
#.#.##..8.≈≈≈≈≈88..#
#.#.######.≈≈≈≈≈#### ..#..
#≈≈≈≈≈# # ###.. ##≈≈≈≈## #
.. #≈≈≈≈≈# #


You could see Natasha and a white imp.

Vanquished Creatures
  Natasha (twice) (D:2)
  2 oozes (D:1)
  3 dart slugs
  A bat (D:1)
  4 giant cockroaches (D:1)
  4 goblins
  3 hobgoblins (D:1)
  A frilled lizard (D:2)
  A kobold (D:2)
  2 rats (D:1)
23 creatures vanquished.

Vanquished Creatures (others)
  A goblin (D:2)
1 creature vanquished.

Grand Total: 24 creatures vanquished

Notes
Turn   | Place    | Note
-------+----------+-------------------------------------------
     0 | D:1      | Johnny the Demigod Earth Elementalist began the quest for
                  | the Orb.
     0 | D:1      | Reached XP level 1. HP: 14/14 MP: 5/5
   353 | D:1      | Reached skill level 3 in Earth Magic
   353 | D:1      | Reached XP level 2. HP: 8/22 MP: 4/7
   850 | D:1      | Reached skill level 1 in Fighting
  1362 | D:2      | Noticed Natasha
  1368 | D:2      | Killed Natasha
  1368 | D:2      | Reached XP level 3. HP: 28/28 MP: 5/9
  1473 | D:2      | Noticed Natasha
  1478 | D:2      | Killed Natasha
  1478 | D:2      | Reached XP level 4. HP: 35/35 MP: 8/10
  1770 | D:2      | Noticed Natasha
  1779 | D:2      | Killed from afar by Natasha

Levels and vault maps discovered:
D:1:      eino_arrival_water_cross, layout_loops_corners, item_on_display_a
D:2:      wander_river, layout_basic, interstate_on_off, uniq_natasha

Skill      XL: |  1  2 |
---------------+-------+-----
Spellcasting   | 2 |  2.4
Earth Magic    | 3 |  3.8
Fighting       | 1 |  1.5
Dodging        | |  1.7
Stealth        | |  1.7
Transmutations | |  0.8

Action                   |  1- 3 |  4- 6 || total
-------------------------+-------+-------++-------
Melee: Unarmed           |    54 |       ||    54
       Dagger            |       |     8 ||     8
 Cast: Sandblast         |    28 |     5 ||    33
 Stab: Sleeping          |     3 |     1 ||     4
  Eat: Chunk             |     2 |       ||     2
Armor: Robe              |    16 |     1 ||    17
Dodge: Dodged            |    37 |     8 ||    45
